 Dungeon Crawl Stone Soup version 0.24.0-1-gfbc8707 (webtiles) character file.

Game seed: 13370791985297312351, levelgen mode: deterministic

72 shmeve the Skirmisher (level 4, -1/40 HPs)
             Began as a Draconian Berserker on Nov 5, 2019.
             Was a Believer of Trog.
             Slain by an adder (2 damage)
             ... on level 2 of the Dungeon.
             The game lasted 00:01:34 (1045 turns).

shmeve the Skirmisher (Draconian Berserker)         Turns: 1045, Time: 00:01:35

Health: -1/40      AC:  5    Str: 20    XL:     4   Next: 6%
Magic:  4/4        EV: 13    Int:  7    God:    Trog [**....]
Gold:   73         SH:  0    Dex: 11    Spells: 3/3 levels left

rFire    . . .     SeeInvis .   a - +0 hand axe
rCold    . . .     Gourm    .   (no shield)
rNeg     . . .     Faith    .   (armour unavailable)
rPois    .         Spirit   .   (helmet restricted)
rElec    .         Reflect  .   (no cloak)
rCorr    .         Harm     .   (no gloves)
MR       .....                  (no boots)
Stlth    +.........             (no amulet)
HPRegen  0.13/turn              (no ring)
MPRegen  0.09/turn              (no ring)

@: lethally poisoned (-1 -> -11), berserk cooldown, slowed, very slow
A: unfitting armour, cold-blooded, AC +5
a: Berserk, Trog's Hand, Renounce Religion


You were on level 2 of the Dungeon.
You worshipped Trog.
Trog was pleased with you.
You were very hungry.

You visited 1 branch of the dungeon, and saw 2 of its levels.

You collected 73 gold pieces.

Inventory:

Hand Weapons
 a - a +0 hand axe (weapon)
Scrolls
 d - a scroll of enchant weapon {unknown}
 f - a scroll of fog {unknown}
 h - 2 scrolls of identify {unknown}
Potions
 e - a potion of might {unknown}
 g - a potion of heal wounds {unknown}
 i - a potion of ambrosia {unknown}
 j - a potion of mutation {unknown}
Comestibles
 b - a ration


   Skills:
 * Level 4.0 Fighting
 * Level 3.5 Axes
 + Level 0.8 Throwing
 * Level 3.4 Dodging


You had 3 spell levels left.
You didn't know any spells.
Your spell library was empty.

Dungeon Overview and Level Annotations

Branches:
Dungeon (2/15)

Altars:


Innate Abilities, Weirdness & Mutations

Your plain brown scales are hard. (AC +5)
You cannot fit into any form of body armour.
You are cold-blooded and may be slowed by cold attacks.


Message History

The goblin hits you but does no damage.
You miss the adder. You completely miss the goblin.
You feel sick. The adder barely misses you. The adder misses you.
The goblin hits you but does no damage.
Unknown command.
You closely miss the goblin. You closely miss the adder.
You feel sick. The adder bites you but does no damage. The goblin hits you.
* * * LOW HITPOINT WARNING * * *
The adder bites you but does no damage. The goblin barely misses you.
You hit the goblin.
You kill the goblin!
Trog accepts your kill.
You can now call upon Trog for regeneration and magic resistance.
You hit the adder.
* * * LOW HITPOINT WARNING * * *
You feel sick. The adder bites you.
* * * LOW HITPOINT WARNING * * *
You are more poisoned.
The adder poisons you! The adder bites you.
You die...

#.# #.# #.#
#.# #.# #
#)#.#
#######.#.###
....$.S)))[.#
.......@..#.#
....w....##
..[........
.........###
..$?.....#
.........#
.........#
.........#


You could see an adder and a dart slug.

Vanquished Creatures
  A worker ant (D:2)
  Robin (D:2)
  A worm (D:2)
  A dart slug (D:1)
  2 giant cockroaches (D:1)
  12 goblins
  4 hobgoblins
  4 bats
  2 frilled lizards
  5 rats (D:1)
33 creatures vanquished.

Notes
Turn   | Place    | Note
-------+----------+-------------------------------------------
     0 | D:1      | shmeve the Draconian Berserker began the quest for the Orb.
     0 | D:1      | Reached XP level 1. HP: 19/19 MP: 1/1
   283 | D:1      | Reached XP level 2. HP: 26/26 MP: 2/2
  1026 | D:2      | Noticed Robin
  1032 | D:2      | Reached XP level 3. HP: 26/33 MP: 3/3
  1039 | D:2      | Killed Robin
  1039 | D:2      | Reached skill level 4 in Fighting
  1039 | D:2      | Reached XP level 4. HP: 25/40 MP: 4/4
  1045 | D:2      | Reached ** piety under Trog
  1045 | D:2      | HP: 1/40 [adder (3)]
  1045 | D:2      | Slain by an adder

Levels and vault maps discovered:
D:1:      matt_arrival_refuge, layout_loops_ring
D:2:      layout_basic, uniq_robin

Skill      XL: |  1  2  3 |
---------------+----------+-----
Dodging        | 3 |  3.4
Fighting       | 4 |  4.0
Axes           | |  3.5
Throwing       | |  0.8

Action                   |  1- 3 |  4- 6 || total
-------------------------+-------+-------++-------
Melee: Hand axe          |    61 |     4 ||    65
       Tailslap          |     8 |       ||     8
Invok: Berserk           |     1 |       ||     1
 Stab: Sleeping          |     2 |       ||     2
Armor: Skin              |    15 |     5 ||    20
Dodge: Dodged            |    41 |     9 ||    50
